 Dungeon Crawl Stone Soup version 0.27.1 (webtiles) character file.

Game seed: 10941113848114430309

88 nxtlvl the Insei (level 4, -2/20 HPs)
             Began as a Spriggan Monk on Aug 28, 2021.
             Was a Believer of Hepliaklqana.
             Slain by Duvessa (10 damage)
             ... on level 6 of the Dungeon.
             The game lasted 00:11:45 (1092 turns).

nxtlvl the Insei (Spriggan Monk)                    Turns: 1092, Time: 00:11:46

Health: -2/20      AC:  2    Str:  7    XL:     4   Next: 30%
Magic:  2/5        EV: 19    Int: 11    God:    Hepliaklqana [**....]
Gold:   78         SH:  0    Dex: 18    Spells: 3/3 levels left

rFire    . . .     SeeInvis +     - Unarmed
rCold    + . .     Faith    .   (shield restricted)
rNeg     . . .     Spirit   .   a - +0 robe
rPois    .         Reflect  .   (helmet restricted)
rElec    .         Harm     .   (no cloak)
rCorr    .         Rampage  .   (gloves unavailable)
Will     .....                  (boots unavailable)
Stlth    ++........             j - amulet of the acrobat
HPRegen  0.06/turn              q - ring of protection from cold
MPRegen  0.09/turn              (no ring)

@: very quick
A: reduced essence, very small, no large weapons, unfitting armour, see
invisible, speed 3
a: Renounce Religion, Recall Ancestor, Ancestor Identity


You were on level 6 of the Dungeon.
You worshipped Hepliaklqana.
Hepliaklqana was pleased with you.
You visited 2 branches of the dungeon, and saw 7 of its levels.

You collected 78 gold pieces.

Inventory:

Missiles
 i - 5 boomerangs
 s - 5 poisoned darts (quivered)
Armour
 a - a +0 robe (worn)
 r - a +0 buckler
Magical Staves
 m - a staff of poison
Jewellery
 j - an amulet of the acrobat (around neck)
 q - a ring of protection from cold (left hand)
 t - the ring "Sylinupeu" {*Corrode rF+ Int+6 Slay+4}
   (You found it on level 5 of the Dungeon)

   [ring of slaying]

   Int:       It affects your intelligence (+6).
   Slay:      It affects your accuracy & damage with ranged weapons and melee
   (+4).
   rF:        It protects you from fire.
   *Corrode:  It may corrode you when you take damage.
Wands
 l - a wand of iceblast (3)
Scrolls
 c - a scroll of identify {unknown}
 e - a scroll of noise
 g - a scroll of enchant weapon
 h - a scroll of amnesia
 k - a scroll of magic mapping {unknown}
 u - a scroll of fear {unknown}
Potions
 b - a potion of brilliance {unknown}
 d - a potion of lignification {unknown}
 f - a potion of cancellation {unknown}
 n - a potion of berserk rage {unknown}
 o - a potion of haste {unknown}
 p - a potion of heal wounds {unknown}


   Skills:
 - Level 2.4 Fighting
 - Level 4.0 Dodging
 - Level 3.0 Stealth
 * Level 4.3 Unarmed Combat


You had 3 spell levels left.
You didn't know any spells.
Your spell library was empty.

Dungeon Overview and Level Annotations

Branches:
Dungeon (6/15)             Temple (1/1) D:4

Altars:
Ashenzari
Elyvilon
Fedhas
Gozag
Hepliaklqana
Kikubaaqudgha
Makhleb
Okawaru
Qazlal
Ru
Sif Muna
Trog
Uskayaw
Xom
Yredelemnul

Shops:
D:3 *(

Annotations:
D:3 Ijyb
D:6 Dowan, Duvessa


Innate Abilities, Weirdness & Mutations

Your life essence is reduced to manifest your ancestor. (-10% HP)
You are very small and have problems with some larger weapons.
You are too small for most types of armour.
You have supernaturally acute eyesight. (SInv)
You cover ground extremely quickly. (Speed+++)


Message History

Okay, then.
As you read the scroll labelled XIREH SUSCHENON, it crumbles to dust.
You hear a loud clanging noise!
It was a scroll of noise.
As you read the scroll labelled WUUBBA MAHI, it crumbles to dust.
It is a scroll of enchant weapon.
You aren't carrying any weapons that can be enchanted.
As you read the scroll labelled SECRIMNORAI, it crumbles to dust.
It is a scroll of amnesia.
You feel forgetful for a moment.
Okay, then.
Okay, then.
You swap places.
A scorpion comes into view.
Found 9 gold pieces.
The scorpion moves out of view.
Dowan shouts!
Duvessa, Sister of Dowan comes into view.
She is wielding a +0 short sword and wearing a +3 leather armour of fire resistance.
Duvessa shouts!
Publia is recalled.
You swap places.
You hit Duvessa.
Duvessa is lightly wounded.
Duvessa barely misses you.
You barely miss Duvessa.
Duvessa is lightly wounded.
Publia hits Duvessa but does no damage.
Duvessa hits Publia with a +0 short sword!
You hit Duvessa but do no damage.
Duvessa is lightly wounded.
Publia completely misses Duvessa.
Duvessa hits you with a +0 short sword.
You hit Duvessa but do no damage.
Duvessa is lightly wounded.
Publia closely misses Duvessa.
Dowan gestures wildly while chanting.
Dowan blinks!
Duvessa hits you with a +0 short sword!
You hit Duvessa.
Duvessa is lightly wounded.
Publia hits Duvessa but does no damage.
Duvessa hits you with a +0 short sword!
Ouch! That really hurt!
You die...

#### #....# #......# ...## #....#
#......#
....#####....######......#
................)........# ####
.....##..................# #..#
.....####....######......#####.#
....## #......####............#
...## #...................[..#
#### ###..#.R@..............##
######### #...#e###<.#.#.........
........# ##.........#.........##
........# ##.........#.#.)....#
........#####...........##.###.##
.........R.................. ....
........#####..........### #...
........# #.......>... ....
........# ...........## ....


You could see the friendly Publia the hexer and Duvessa (ally target).

Vanquished Creatures
  A kobold brigand (D:4)
  An adder (D:4)
  An orc (D:4)
  A bat (D:3)
  An endoplasm (D:4)
  2 giant cockroaches
  A hobgoblin (D:3)
  A kobold (D:1)
  A quokka (D:2)
  A frilled lizard (D:3)
  2 goblins
  A rat (D:2)
14 creatures vanquished.

Notes
Turn   | Place    | Note
-------+----------+-------------------------------------------
     0 | D:1      | nxtlvl the Spriggan Monk began the quest for the Orb.
     0 | D:1      | Reached XP level 1. HP: 11/11 MP: 2/2
   174 | D:3      | Found Qeafiofe's Assorted Antiques.
   180 | D:3      | Noticed Ijyb
   239 | D:3      | Found Evuff's Weapon Emporium.
   291 | D:3      | Reached XP level 2. HP: 16/16 MP: 3/3
   352 | D:5      | Entered Level 5 of the Dungeon
   513 | D:4      | Found an ancient bone altar of Kikubaaqudgha.
   557 | D:4      | You fall into a shaft and drop 1 floor!
   557 | D:5      | Found a shimmering altar of Xom.
   579 | D:6      | Noticed Dowan
   707 | D:5      | Noticed an ice beast
   720 | D:5      | Found a sacrificial altar of Ru.
   775 | D:5      | Noticed a necrophage
   858 | D:4      | Noticed a kobold brigand
   864 | D:4      | Killed a kobold brigand
   865 | D:4      | Reached XP level 3. HP: 17/19 MP: 4/4
   865 | D:4      | Reached XP level 4. HP: 21/23 MP: 5/5
   974 | D:4      | Found a staircase to the Ecumenical Temple.
   979 | Temple   | Entered the Ecumenical Temple
   988 | Temple   | Became a worshipper of Hepliaklqana the Forgotten
   988 | Temple   | Reached * piety under Hepliaklqana
   988 | Temple   | Reached ** piety under Hepliaklqana
   997 | Temple   | Remembered your ancestor Publia as a hexer
  1043 | D:5      | Identified the ring "Sylinupeu" {*Corrode rF+ Int+6 Slay+4}
  1060 | D:5      | You fall into a shaft and drop 1 floor!
  1076 | D:6      | Noticed a scorpion
  1078 | D:6      | Noticed Duvessa
  1092 | D:6      | Slain by Duvessa

Illustrated notes

Levels and vault maps discovered:
D:1:      sevenhm_arrival_forest_fort_small_4, layout_basic,
          chequers_serial_rivers_micro_a
D:2:      layout_loops_ring, ebering_ecumenical_altar_mist,
          amcnicky_mini_rare_corridor_liquid, serial_bayou_crossing, uniq_robin,
          uniq_terence
D:3:      layout_loops_cross, serial_shops, shop, nicolae_diamond_shop,
          nicolae_diamond_shop, uniq_ijyb
D:4:      layout_cave_pods, kennysheep_mini, temple_doors_e
D:5:      wander_guarded_unrand_ratskin, layout_basic,
          mainiacjoe_overflow_cross_hatched, mainiacjoe_overflow_paths
D:6:      minmay_goblin_kobold_castle, layout_rooms, roderic_malta_cross,
          uniq_edmund, uniq_sigmund, uniq_duvessa
Temple:   eino_temple_lava

Skill      XL: |  1  2 |
---------------+-------+-----
Unarmed Combat | 4 |  4.3
Fighting       | |  2.4
Dodging        | |  4.0
Stealth        | |  3.0

Action                   |  1- 3 |  4- 6 || total
-------------------------+-------+-------++-------
Melee: Unarmed           |    56 |    12 ||    68
Throw: Dart              |       |     4 ||     4
Invok: Recall Ancestor   |       |     4 ||     4
       Ancestor Life: He |       |     1 ||     1
Evoke: Wand              |     3 |       ||     3
  Use: Scroll            |       |     3 ||     3
 Stab: Sleeping          |     3 |       ||     3
Armor: Robe              |     2 |     1 ||     3
Dodge: Dodged            |    43 |     6 ||    49
